 Dungeon Crawl Stone Soup version 0.31-a0-879-g1609e0ac53 (webtiles) character file.

Game seed: 1086733329397088354

84478 Pooter the Marksminotaur (level 15, -3/149 HPs)
             Began as a Minotaur Berserker on Oct 14, 2023.
             Was the Champion of Trog.
             Shot with an arrow by a deep elf archer (11 damage)
             ... on level 13 of the Dungeon on Oct 15, 2023.
             The game lasted 02:04:34 (30807 turns).

Pooter the Marksminotaur (Minotaur Berserker)      Turns: 30807, Time: 02:04:35

Health: -3/149     AC: 17    Str: 27    XL:     15   Next: 35%
Magic:  0/14       EV: 11    Int:  6    God:    Trog [******]
Gold:   506        SH:  0    Dex: 13    Spells: 14/14 levels left

rFire   . . .        a - +3 broad axe (heavy)
rCold   . . .        (no shield)
rNeg    . . .        e - +7 ring mail "Ugiecem" {Dex+3}
rPois   .            (helmet restricted)
rElec   .            r - +0 cloak
rCorr   .            P - +0 pair of gloves
SInv    .            n - +2 pair of boots {rampage}
Will    ++++.        (no amulet)
Stlth   +            G - +4 ring of slaying
HPRegen 1.44/turn    m - ring of willpower
MPRegen 0.14/turn

%: rampage
@: strong-willed, on berserk cooldown, regenerating, slowed, very slow
A: horns 2, retaliatory headbutt
a: Renounce Religion, Berserk, Trog's Hand, Brothers in Arms


You were on level 13 of the Dungeon.
You worshipped Trog.
Trog was exalted by your worship.
You visited 3 branches of the dungeon, and saw 20 of its levels.
You also visited: Sewer.

You collected 1931 gold pieces.
You spent 1425 gold pieces at shops.

Inventory:

Hand Weapons
 a - a +3 heavy broad axe (weapon)
   (You found it on level 10 of the Dungeon)
 b - a +2 triple crossbow
   (You found it on level 11 of the Dungeon)
 d - a +2 heavy flail
   (You took it off an orc on level 5 of the Dungeon)
 k - a +1 battleaxe of electrocution
   (You took it off a gnoll sergeant on level 8 of the Dungeon)
 p - a +2 dire flail of holy wrath
   (You took it off an orc warrior on level 1 of the Orcish Mines)
 J - a +1 heavy great mace
   (You found it on level 5 of the Lair of Beasts)
 Z - a +3 battleaxe
   (You took it off an orc knight on level 2 of the Orcish Mines)
Missiles
 c - 3 curare-tipped darts
 q - 2 boomerangs
 w - 3 javelins
 B - 21 poisoned darts (quivered)
 F - 2 darts of dispersal {!f}
 Q - 164 stones
Armour
 e - the +7 ring mail "Ugiecem" (worn) {Dex+3}
   (You found it on level 3 of the Lair of Beasts)

   Dex+3:     It affects your dexterity (+3).
 n - a +2 pair of boots of rampaging (worn)
   (You found it on level 2 of the Lair of Beasts)
 r - a +0 cloak (worn)
   (You found it on level 2 of the Lair of Beasts)
 L - a +2 plate armour
   (You took it off an orc warrior on level 8 of the Dungeon)
 P - a +0 pair of gloves (worn)
   (You found it on level 9 of the Dungeon)
Jewellery
 m - a ring of willpower (right hand)
   (You found it on level 2 of the Dungeon)
 C - a ring of resist corrosion
   (You found it on level 2 of the Dungeon)
 G - a +4 ring of slaying (left hand)
   (You bought it in a shop on level 2 of the Orcish Mines)
 N - a ring of positive energy
   (You found it on level 1 of the Dungeon)
 O - a ring of ice
   (You found it on level 9 of the Dungeon)
Wands
 f - a wand of flame (16)
   (You found it on level 4 of the Dungeon)
 j - a wand of polymorph (5)
   (You found it on level 5 of the Dungeon)
 x - a wand of acid (5)
   (You found it on level 2 of the Lair of Beasts)
 D - a wand of digging (11)
   (You found it on level 4 of the Dungeon)
 R - a wand of roots (14)
   (You took it off an orc on level 10 of the Dungeon)
 T - a wand of mindburst (12)
   (You found it on level 1 of the Lair of Beasts)
 W - a wand of charming (4)
   (You found it on level 11 of the Dungeon)
Scrolls
 g - 4 scrolls of revelation
 i - 5 scrolls of identify {@r1}
 t - 6 scrolls of teleportation {@r4}
 u - 3 scrolls of immolation {!r}
 v - 3 scrolls of vulnerability {!r}
 K - a scroll of summoning
 M - 2 scrolls of silence
 X - 2 scrolls of fog
 Y - 2 scrolls of fear
Potions
 h - 4 potions of haste {@q3}
 l - 9 potions of curing {@q1}
 o - a potion of lignification {!q}
 s - 2 potions of heal wounds {@q2}
 z - a potion of mutation {!q}
 A - 4 potions of attraction {!q}
 H - 3 potions of might
 U - a potion of enlightenment
Miscellaneous
 y - a phantom mirror
   (You found it on level 10 of the Dungeon)
 E - a tin of tremorstones (2/2)
   (You found it on level 8 of the Dungeon)
 V - a sack of spiders
   (You found it on level 5 of the Lair of Beasts)


   Skills:
 + Level 18.2 Fighting
 + Level 17.8(18.2) Axes
 - Level 6.3(13.2) Maces & Flails
 * Level 18.4 Ranged Weapons
 - Level 4.0 Throwing
 - Level 2.4 Armour
 - Level 2.1 Dodging
 - Level 7.1 Evocations


You had 14 spell levels left.
You didn't know any spells.
Your spell library was empty.

Dungeon Overview and Level Annotations

Branches:
Dungeon (13/15) Zot: 25317  Temple (0/1) D:4            Lair (5/5) D:8 Zot: 21030
  Swamp (0/4) Lair:2        Snake (0/4) Lair:2        Slime (0/5) Lair:4
    Orc (2/2) D:12 Zot: 7832     Elf (0/3) Orc:2         Sewer (visited)
 Vaults: D:13-14

Altars:
Dithmenos
Fedhas
Hepliaklqana
Kikubaaqudgha
Uskayaw
Vehumet
Wu Jian
Xom
Zin
The Shining One
Jiyva

Shops:
D:4 :   D:9 *   Orc:2 ?=?(*

Annotations:
D:9 exclusion: orange crystal statue


Innate Abilities, Weirdness & Mutations

You have a pair of horns on your head.
You reflexively headbutt those who attack you in melee.


Message History

The deep elf archer unwields a +0 shortbow.
The deep elf archer wields a +0 dagger.
The deep elf archer hits you with a +0 dagger.
You are too injured to fight recklessly!
You are too injured to fight recklessly!
You are too injured to fight recklessly!
You slice the deep elf archer!!
You are no longer berserk.
You are exhausted.
You feel yourself slow down.
You slice the deep elf archer!!
You kill the deep elf archer!
Trog accepts your kill.
Trog appreciates your killing of a magic user.
The deep elf archer shoots an arrow.
The arrow hits you!
* * * LOW HITPOINT WARNING * * *
The deep elf archer shoots an arrow.
The arrow closely misses you.
You slice the deep elf archer!! You headbutt the deep elf archer!
The deep elf archer shoots an arrow.
The arrow hits you but does no damage.
The deep elf archer unwields a +0 shortbow.
The deep elf archer wields a +0 dagger.
The deep elf archer hits you but does no damage.
The deep elf archer shoots an arrow.
The arrow hits you!!
* * * LOW HITPOINT WARNING * * *
You feel your power leaking away.
* * * LOW MAGIC WARNING * * *
You closely miss the deep elf archer.
You punch the deep elf archer, but do no damage.
The deep elf archer hits you with a +0 dagger.
* * * LOW HITPOINT WARNING * * *
The deep elf archer shoots an arrow.
The arrow hits you.
* * * LOW HITPOINT WARNING * * *
The deep elf archer closely misses you.
You barely miss the deep elf archer.
A four-headed hydra comes into view.
The deep elf archer barely misses you.
The deep elf archer shoots an arrow.
The arrow hits you!!
* * * LOW HITPOINT WARNING * * *
The deep elf archer gestures wildly while chanting.
The deep elf archer blinks!
As you read the scroll of fear, it crumbles to dust.
You assume a fearsome visage.
The four-headed hydra looks frightened!
The deep elf archer easily resists.
The deep elf archer resists with some effort.
The deep elf archer shoots an arrow.
The arrow hits you!
* * * LOW HITPOINT WARNING * * *
The deep elf archer unwields a +0 dagger.
The deep elf archer wields a +0 shortbow.
The deep elf archer shoots an arrow.
The arrow hits you!
You die...

#..## ##..#
##.# #.#
#######'##
###........#
.D'........###
.##...)....e.#
#...)@...#.'e
#....ยง...###..
#........# .
#.....e..#
#####'#### #.#
..# .##


You could see a four-headed hydra (fleeing) and 2 deep elf archers.

Vanquished Creatures
  4 catoblepae
  10 ogre magi
  2 hydras
  3 centaur warriors
  4 boulder beetles
  2 two-headed ogres
  6 death yaks (Lair:4)
  A tengu warrior (D:12)
  A deep troll shaman (Lair:5)
  An orc high priest (Orc:1)
  Nergalle (Lair:2)
  2 skysharks (Lair:4)
  2 bog bodies (Lair:2)
  A lindwurm (Lair:5)
  A wizard (D:13)
  3 deep elf pyromancers
  2 orc knights
  A deep elf archer (D:13)
  12 orc sorcerers
  3 ugly things
  5 cyclopes
  3 deep elf zephyrmancers (D:13)
  29 elephants
  2 black mambas
  A naga mage (D:13)
  A black mamba (shapeshifter) (D:13)
  10 cane toads
  Jeremiah (D:7)
  An unseen horror (D:10)
  2 rime drakes
  A tengu conjurer (D:13)
  6 komodo dragons
  2 queen bees
  A polar bear (Lair:5)
  Grinder (D:5)
  Prince Ribbit (D:5)
  9 trolls
  6 hornets
  16 blink frogs
  2 vampires
  6 wyverns
  A wraith (D:12)
  2 shadows
  A water elemental (D:12)
  5 basilisks
  54 yaks
  21 vampire mosquitoes
  A golden eye (D:10)
  Eustachio (D:5)
  2 steam dragons (D:8)
  2 wargs
  The ghost of Tourmaline the Cudgeller, an amateur GrRe of Vehumet (D:4)
  13 water moccasins
  A floating eye (Orc:1)
  15 orc warriors
  6 black bears
  Pargi (Sewer)
  2 ice beasts
  2 sky beasts (D:6)
  8 ogres
  21 wolves
  6 centaurs
  2 phantoms (D:5)
  4 kobold brigands
  Blork the orc (D:5)
  16 bullfrogs
  A gnoll sergeant (D:8)
  2 scorpions
  9 wights
  23 killer bees
  8 electric eels
  A howler monkey (D:8)
  2 hounds
  9 orc priests
  5 jellies
  An iguana (D:5)
  7 hell rats (Lair:5)
  27 orc wizards
  A sleepcap (D:7)
  11 adders
  2 shadow imps
  3 white imps
  4 ufetubi
  4 worms
  50 orcs
  3 ball pythons
  6 endoplasms
  8 giant cockroaches
  5 goblins
  6 hobgoblins
  2 jackals (D:2)
  7 quokkas
  5 bats
  5 frilled lizards
  25 kobolds
  5 rats
604 creatures vanquished.

Vanquished Creatures (collateral kills)
  A rime drake (Lair:5)
  A komodo dragon (Lair:2)
  A naga (Lair:2)
3 creatures vanquished.

Vanquished Creatures (others)
  2 orc wizards (Orc:2)
2 creatures vanquished.

Grand Total: 609 creatures vanquished

Notes
Turn   | Place    | Note
-------+----------+-------------------------------------------
     0 | D:1      | Pooter the Minotaur Berserker began the quest for the Orb.
     0 | D:1      | Reached XP level 1. HP: 19/19 MP: 0/0
    99 | D:1      | Reached XP level 2. HP: 27/27 MP: 1/1
   436 | D:1      | Reached ** piety under Trog
   538 | D:2      | Reached XP level 3. HP: 33/33 MP: 2/2
   672 | D:2      | Reached skill level 5 in Axes
   765 | D:2      | Found a faded altar of an unknown god.
   867 | D:2      | Reached XP level 4. HP: 41/41 MP: 3/3
  1360 | D:3      | You fall into a shaft and drop 1 floor!
  1392 | D:4      | Found a large runed translucent door.
  1396 | D:4      | Found a large runed translucent door.
  1396 | D:4      | Noticed Tourmaline's ghost (amateur GrRe)
  1404 | D:4      | Killed Tourmaline's ghost
  1405 | D:4      | Reached skill level 5 in Fighting
  1405 | D:4      | Reached XP level 5. HP: 48/48 MP: 4/4
  1495 | D:4      | Found Guel's Self-Published Books.
  1495 | D:4      | Noticed a black bear
  1507 | D:4      | Killed a black bear
  1508 | D:4      | Reached XP level 6. HP: 56/56 MP: 5/5
  2621 | D:4      | Found a staircase to the Ecumenical Temple.
  2865 | D:4      | Reached skill level 1 in Ranged Weapons
  3317 | D:5      | Entered Level 5 of the Dungeon
  3357 | D:5      | Noticed Prince Ribbit
  3359 | D:5      | Noticed Grinder
  3368 | D:5      | Killed Prince Ribbit
  3369 | D:5      | Reached XP level 7. HP: 49/63 MP: 6/6
  3440 | D:5      | Noticed Blork the orc
  3443 | D:5      | Noticed Eustachio
  3447 | D:5      | Killed Blork the orc
  3474 | D:6      | HP: 1/63 [something (5)]
  3670 | D:6      | Found a glowing drain.
  3674 | Sewer    | Entered a sewer
  3719 | Sewer    | Noticed Pargi
  3725 | Sewer    | Killed Pargi
  4116 | D:5      | Reached XP level 8. HP: 70/71 MP: 7/7
  4329 | D:5      | Reached skill level 5 in Ranged Weapons
  4478 | D:5      | Killed Grinder
  4570 | D:5      | Killed Eustachio
  4571 | D:5      | Reached skill level 10 in Axes
  4953 | D:6      | Reached XP level 9. HP: 41/79 MP: 8/8
  5403 | D:6      | Found a glowing silver altar of Zin.
  5407 | D:6      | Found a shimmering altar of Xom.
  5407 | D:6      | Found an ornate altar of the Wu Jian Council.
  5410 | D:6      | Found a hazy altar of Hepliaklqana.
  6347 | D:7      | Noticed Jeremiah
  6391 | D:7      | Killed Jeremiah
  7116 | D:7      | Found a hide-covered altar of Uskayaw.
  7571 | D:8      | Noticed a komodo dragon
  7606 | D:8      | Killed a komodo dragon
  7697 | D:8      | Found a staircase to the Lair.
  7728 | D:8      | Reached XP level 10. HP: 77/91 MP: 9/9
  7790 | D:8      | Reached skill level 1 in Maces & Flails
  7973 | D:8      | Noticed a cyclops
  7974 | D:8      | Reached *** piety under Trog
  7979 | D:8      | Killed a cyclops
  8173 | D:8      | Noticed a centaur warrior
  8253 | D:8      | Killed a centaur warrior
  8391 | D:8      | Reached skill level 10 in Ranged Weapons
  8556 | D:8      | Reached skill level 5 in Maces & Flails
  8566 | D:8      | Paralysed by a hornet for 1 turns
  8853 | D:8      | Identified the +1 halberd of Ywueskys {holy, Str+2 Dex+2}
  8853 | D:8      | Noticed an orc knight
  8863 | D:8      | Killed an orc knight
  8946 | D:8      | Noticed a catoblepas
  8953 | D:8      | Killed a catoblepas
  8954 | D:8      | Reached skill level 10 in Fighting
  9531 | D:9      | Noticed an orange crystal statue
  9617 | D:9      | Found Gabada's Fire Supplies.
  9718 | D:9      | Reached XP level 11. HP: 42/99 MP: 10/10
  9995 | D:9      | Found a blossoming altar of Fedhas.
 10248 | D:9      | Reached skill level 1 in Evocations
 11068 | D:10     | Entered Level 10 of the Dungeon
 11202 | D:10     | Noticed a boulder beetle
 11212 | D:10     | Noticed a white ugly thing
 11234 | D:10     | Killed a white ugly thing
 11690 | D:10     | Found a glowing golden altar of the Shining One.
 11705 | D:10     | Noticed Sonja
 11706 | D:10     | Sonja changed into Sonja the golden eye
 11706 | D:10     | Noticed Sonja
 11716 | D:10     | Killed Sonja the golden eye
 11719 | D:10     | Noticed a two-headed ogre
 11725 | D:10     | Killed a two-headed ogre
 12151 | D:10     | Noticed a centaur warrior
 12156 | D:10     | Killed a centaur warrior
 12418 | D:10     | Killed a boulder beetle
 12561 | D:10     | Noticed a centaur warrior
 12562 | D:10     | Noticed a deep elf pyromancer
 12568 | D:10     | Killed a centaur warrior
 12572 | D:10     | Killed a deep elf pyromancer
 12573 | D:10     | Reached XP level 12. HP: 72/110 MP: 11/11
 12699 | D:10     | Noticed a boulder beetle
 12708 | D:10     | Killed a boulder beetle
 13669 | D:10     | Found a shadowy altar of Dithmenos.
 13798 | Lair:1   | Entered Level 1 of the Lair of Beasts
 14305 | Lair:1   | Found a hide-covered altar of Uskayaw.
 14929 | Lair:2   | Noticed a four-headed hydra
 14939 | Lair:2   | Killed a four-headed hydra
 14940 | Lair:2   | Reached skill level 15 in Axes
 15864 | Lair:2   | Found a staircase to the Swamp.
 16025 | Lair:2   | Noticed Nergalle
 16040 | Lair:2   | Killed Nergalle
 16054 | Lair:2   | Reached skill level 5 in Evocations
 16477 | Lair:2   | Found a transporter.
 16497 | Lair:2   | Found a transporter.
 16498 | Lair:2   | Noticed a boulder beetle
 16498 | Lair:2   | Noticed a boulder beetle
 16541 | Lair:2   | Found a staircase to the Snake Pit.
 17046 | Lair:2   | Killed a boulder beetle
 17053 | Lair:2   | Killed a boulder beetle
 17275 | Lair:3   | Identified the +7 ring mail "Ugiecem" {Dex+3}
 17310 | Lair:3   | Reached XP level 13. HP: 115/122 MP: 12/12
 17338 | Lair:3   | Identified the +8 flail of Femesm {freeze, Stlth+}
 18025 | Lair:3   | You fall into a shaft and drop 1 floor!
 18956 | Lair:4   | Reached skill level 1 in Throwing
 18958 | Lair:4   | Reached **** piety under Trog
 19077 | Lair:4   | Reached skill level 15 in Ranged Weapons
 19258 | Lair:4   | Found a viscous altar of Jiyva.
 19561 | Lair:4   | Found a staircase to the Slime Pits.
 19894 | Lair:5   | Entered Level 5 of the Lair of Beasts
 20819 | Lair:5   | Reached XP level 14. HP: 120/133 MP: 13/13
 21422 | Lair:5   | Reached skill level 15 in Fighting
 24443 | D:12     | Found a staircase to the Orcish Mines.
 25031 | Orc:1    | Entered Level 1 of the Orcish Mines
 25112 | Orc:1    | Reached ***** piety under Trog
 25213 | Orc:2    | Entered Level 2 of the Orcish Mines
 25446 | Orc:2    | Found Tesmumau's Overcharged Wands.
 25617 | Orc:2    | Found a staircase to the Elven Halls.
 26066 | Orc:1    | Paralysed by a floating eye for 2 turns
 27387 | Orc:1    | Reached XP level 15. HP: 134/147 MP: 14/14
 28368 | Orc:2    | Found Qusymot's Antique Weapon Shoppe.
 28388 | Orc:2    | Found an ancient bone altar of Kikubaaqudgha.
 28402 | Orc:2    | Found Iwapnan's Magic Scroll Emporium.
 28421 | Orc:2    | Paralysed by an orc sorcerer for 2 turns
 28432 | Orc:2    | Found a radiant altar of Vehumet.
 28452 | Orc:2    | Bought a scroll of revelation for 97 gold pieces
 28452 | Orc:2    | Bought a scroll of teleportation for 39 gold pieces
 28452 | Orc:2    | Bought a scroll of identify for 26 gold pieces
 28452 | Orc:2    | Bought a scroll of teleportation for 39 gold pieces
 28452 | Orc:2    | Bought a scroll of fog for 52 gold pieces
 28452 | Orc:2    | Bought a scroll of identify for 26 gold pieces
 28477 | Orc:2    | Found Mizio's Magic Scroll Emporium.
 28485 | Orc:2    | Bought a scroll of enchant weapon for 105 gold pieces
 28485 | Orc:2    | Bought a scroll of enchant weapon for 105 gold pieces
 28625 | Orc:2    | Found Ruugereu's Jewellery Shoppe.
 29195 | D:13     | Reached ****** piety under Trog
 29981 | Orc:2    | Bought a +4 ring of slaying for 936 gold pieces
 30807 | D:13     | Shot with an arrow by a deep elf archer

Illustrated notes

Levels and vault maps discovered:
D:1:      amcnicky_arrival_double_pillar, layout_rooms, minmay_vboxes
D:2:      layout_basic, hellmonk_ecumenical_altar_leap_of_faith
D:3:      layout_loops_corners, minmay_fountain_box,
          nicolae_houndstooth_variations
D:4:      minmay_skewed_foursquare, layout_loops_corners,
          minmay_temple_entry_glass, ebering_ghost_disaster_area, nrook_uturn,
          nicolae_custom_books
D:5:      cheibrodos_helix_gallery, layout_basic, uniq_grinder, uniq_eustachio,
          uniq_prince_ribbit1, uniq_blork_the_orc
D:6:      layout_basic, grunt_temple_overflow_open, gup_sewer_entry_bowl
D:7:      layout_basic, nicolae_uskayaw_dance_studio, uniq_jeremiah
D:8:      nzn_winding_woodlands_cross [nzn_winding_woodlands_5x15_cabin,
          nzn_winding_woodlands_5x15_crooked, nzn_winding_woodlands_5x15_pool,
          nzn_winding_woodlands_5x15_split_checker,
          nzn_winding_woodlands_15x15_boxy_spiral], layout_gridville,
          david_lair_shrubbed
D:9:      layout_rooms, mainiacjoe_overflow_concentric_impassable, serial_bayou,
          serial_bayou_shore_b, serial_bayou_lake_a, serial_bayou_lagoon_a,
          serial_bayou_shore_a, minmay_misc_feat_diagonals, moated_statue,
          minivault_16, nicolae_shop_fire_sale [nicolae_sub_dead_trees]
D:10:     minmay_tri_box, layout_rooms, mainiacjoe_overflow_swirl, minivault_7,
          uniq_sonja
D:11:     layout_grid_maze
D:12:     layout_basic, david_orc_1_choice
D:13:     layout_roguey, nicolae_trove_entry_crystal,
          minmay_guarded_unrand_prune, uniq_josephine
Lair:1:   layout_hall_layers, basic_altar
Lair:2:   gammafunk_boulding_lane, layout_hall_layers,
          skrybe_swamp_entry_bodies, guppyfry_snake_entry_island,
          infiniplex_staircase_pool, uniq_nergalle
Lair:3:   layout_hall_layers, chequers_serial_rivers_micro_b
Lair:4:   gammafunk_indiana_jones, layout_hall_layers, dpeg_slime_entry_corner
Lair:5:   grunt_lair_end_beastmaster, layout_cave_pods, grunt_megastairs_1
Orc:1:    hellmonk_paralyzer, layout_diamond_mine, basic_altar
Orc:2:    kennysheep_orc_mage_school, layout_caves,
          nicolae_shop_overcharged_wands

Skill      XL: |  1  2  3  4  5  6  7  8  9 10 11 12 13 14 15 |
---------------+----------------------------------------------+-----
Axes           | 4 5 6 7 8 9 10 12 14 15 17 | 17.8
Fighting       | 4 5 6 7 9 10 11 13 14 17 18 | 18.2
Ranged Weapons | 2 4 6 8 10 12 14 15 17 18 | 18.4
Maces & Flails | 6 |  6.3
Evocations     | 3 5 6 7 |  7.1
Throwing       | 2 4 |  4.0
Armour         | |  2.4
Dodging        | |  2.1

Action                     |  1- 3 |  4- 6 |  7- 9 | 10-12 | 13-15 || total
---------------------------+-------+-------+-------+-------+-------++-------
  Melee: Hand axe          |    76 |    60 |       |       |       ||   136
         Headbutt          |    17 |    10 |    26 |    71 |    81 ||   205
         Trident           |       |    34 |    94 |       |       ||   128
         Punch             |       |       |     3 |     1 |     3 ||     7
         Flail             |       |       |   108 |    52 |     3 ||   163
         Falchion          |       |       |    11 |       |       ||    11
         Battleaxe         |       |       |       |   197 |       ||   197
         Broad axe         |       |       |       |   108 |   357 ||   465
         Halberd           |       |       |       |       |     4 ||     4
   Fire: Sling             |       |    10 |    26 |       |       ||    36
         Shortbow          |       |       |    16 |       |       ||    16
         Arbalest          |       |       |       |   139 |   125 ||   264
         Orcbow            |       |       |       |    14 |       ||    14
         Triple crossbow   |       |       |       |       |   252 ||   252
  Throw: Stone             |       |     7 |       |       |       ||     7
         Boomerang         |       |       |     2 |       |       ||     2
         Dart              |       |       |       |     9 |       ||     9
 Invoke: Berserk           |       |     2 |    13 |    15 |     6 ||    36
         Trog's Hand       |       |     2 |     7 |    10 |    12 ||    31
         Brothers in Arms  |       |       |       |       |     1 ||     1
  Evoke: Wand              |       |       |     7 |     2 |    16 ||    25
         Tin of tremorston |       |       |       |     3 |       ||     3
    Use: Scroll            |     1 |     3 |     6 |    19 |    12 ||    41
         Potion            |       |       |     1 |     1 |     2 ||     4
 Armour: Animal skin       |    12 |       |       |       |       ||    12
         Scale mail        |    18 |    57 |    58 |       |       ||   133
         Chain mail        |       |       |   160 |       |       ||   160
         Plate armour      |       |       |       |   532 |       ||   532
         Ring mail         |       |       |       |     7 |   528 ||   535
  Dodge: Dodged            |    47 |    28 |   100 |   181 |   287 ||   643

Table legend: (Time is in decaauts)
 A = Elapsed time spent in this place.
 B = Non-inter-level travel time spent in this place.
 C = Inter-level travel time spent in this place.
 D = Time resting spent in this place.
 E = Time spent auto-exploring this place.
 F = Levels seen in this place.
 G = Mean time per level.
                   A        B        C        D        E       F      G
               +--------+--------+--------+--------+--------+-----+--------+
         Total |  31605 |  30303 |   1302 |  11683 |  13836 |  21 | 1505.0 |
       Dungeon |  18287 |  17580 |    707 |   5398 |   9262 |  13 | 1406.7 |
          Lair |   8969 |   8684 |    285 |   3798 |   3700 |   5 | 1793.8 |
  Orcish Mines |   4167 |   3859 |    308 |   2433 |    873 |   2 | 2083.5 |
         Sewer |    180 |    180 |      0 |     53 |      0 |   1 |  180.0 |
               +--------+--------+--------+--------+--------+-----+--------+

Top non-repeatable levels by time:
    D:10: 2747 daAuts
  Lair:2: 2551 daAuts
  Lair:4: 2289 daAuts
   Orc:1: 2139 daAuts
     D:8: 2129 daAuts
  Lair:5: 2030 daAuts
   Orc:2: 2027 daAuts
     D:9: 1818 daAuts
    D:12: 1758 daAuts
     D:7: 1492 daAuts
     D:6: 1464 daAuts
    D:13: 1344 daAuts
     D:4: 1223 daAuts
     D:5: 1221 daAuts
  Lair:1: 1183 daAuts
